 Dungeon Crawl Stone Soup version 0.19-GnollCrawlA-1-g03664ee (webtiles) character file.

98 GravitySqueeze the Shield-Bearer (level 1, 0/18 HPs)
             Began as a Formicid Fighter on Mar 3, 2017.
             Slain by ofeo's ghost (4 damage)
             ... in an ice cave.
             The game lasted 00:03:45 (1668 turns).

GravitySqueeze the Shield-Bearer (Formicid Fighter) Turns: 1668, Time: 00:03:45

Health: 0/18       AC:  9    Str: 20    XL:     1   Next: 0%
Magic:  1/1        EV:  7    Int:  7    God:
Gold:   128        SH:  0    Dex: 10    Spells: 0 memorised, 0 levels left

rFire  . . .     SeeInvis +     a - +0 long sword
rCold  . . .     Gourm    .     k - +0 chain mail
rNeg   . . .     Faith    .     (no shield)
rPois  .         Spirit   .     (helmet unavailable)
rElec  .         Dismiss  .     (no cloak)
rCorr  .         Reflect  .     (no gloves)
SustAt .         Harm     .     (no boots)
MR     .....                    (no amulet)
Stlth  ..........               (no ring)
                                (no ring)

@:
A: permanent stasis, dig shafts and tunnels, four strong arms, antennae 3
a: Dig, Shaft Self


You were in an ice cave.
You were not hungry.

You visited 1 branch of the dungeon, and saw 8 of its levels.
You also visited: Ice Cave.

You collected 128 gold pieces.

Inventory:

Hand Weapons
 a - a +0 long sword (weapon)
Armour
 k - a +0 chain mail (worn)
Wands
 i - a wand of slowing (0/48)
Scrolls
 e - 2 scrolls of amnesia {unknown}
 g - a scroll of identify {unknown}
 h - a scroll of magic mapping {unknown}
Comestibles
 f - a bread ration
 j - 2 fruits


   Skills:
 + Level 3.2 Fighting
 + Level 2.0 Long Blades
 + Level 3.2 Armour
   Level 3.6 Shields


You couldn't memorise any spells.
You didn't know any spells.

Dungeon Overview and Level Annotations

Branches:
Dungeon (13/15)
 Temple: D:1-2         Lair: D:8-11         Orc: D:9-12      Vaults: D:13-14

Altars:

Annotations:
IceCv ofeo's ghost, weakling MiGl


Innate Abilities, Weirdness & Mutations

You are under a permanent stasis effect.
You can dig through walls and to a lower floor.
Your four strong arms can wield two-handed weapons with a shield.
You have a pair of large antennae on your head. (SInv)


Message History

You kill the gnoll!
No target in view!
You start resting.
You sense a monster nearby.
Ofeo's ghost (weakling Minotaur Gladiator) comes into view.
It is wielding a vorpal weapon.
Ofeo's ghost turns its malevolent gaze towards you.
There is an ice choked empty arch of ancient stone here.
Evoke which item? (* to show all) (? for menu, Esc to quit)
Zapping:
i - a wand of slowing {zapped: 10} (will waste charges)
Press: ? - help, Shift-Dir - straight line, f - ofeo's ghost
Aim: ofeo's ghost, wielding a vorpal weapon (lightly damaged, chance to defeat MR: 64%) Ofeo's ghost seems to slow down.
Evoking this partially-identified wand wasted a few charges.
Ofeo's ghost lets out a mournful wail.
You barely miss ofeo's ghost.
Ofeo's ghost is lightly damaged.
Ofeo's ghost hits you!
Ouch! That really hurt!
* * * LOW HITPOINT WARNING * * *
You die...

#####
##...##
##..∩..##
#..)....#
#...∩...#
##.)@..##
##)W.##
##...#
#...##
#...## {
##...## {
##)..# {
##..#
##..##


You could see ofeo's ghost.

Vanquished Creatures
  10 gnolls
10 creatures vanquished.

Vanquished Creatures (others)
  15 gnolls (IceCv)
15 creatures vanquished.

Grand Total: 25 creatures vanquished

Notes
Turn   | Place    | Note
-------+----------+-------------------------------------------
     0 | D:1      | GravitySqueeze the Formicid Fighter began the quest for the Orb.
     0 | D:1      | Reached XP level 1. HP: 18/18 MP: 1/1
    52 | D:1      | You fall through a shaft!
   243 | D:2      | You fall through a shaft for 2 floors!
   411 | D:4      | You fall through a shaft!
   411 | D:5      | Entered Level 5 of the Dungeon
   414 | D:5      | You fall through a shaft!
   535 | D:5      | You fall through a shaft!
   595 | D:6      | You fall through a shaft!
   641 | D:7      | You fall through a shaft for 3 floors!
   641 | D:10     | Entered Level 10 of the Dungeon
   673 | D:10     | You fall through a shaft for 3 floors!
   993 | D:13     | Found a frozen archway.
   999 | IceCv    | Entered an ice cave
  1659 | IceCv    | Noticed ofeo's ghost (weakling MiGl)
  1668 | IceCv    | Slain by ofeo's ghost

Action                   || total
-------------------------++-------
Melee: Long sword        ||    78
 Abil: Shaft Self        ||     8
Evoke: Wand              ||     5
  Use: Potion            ||     2
Armor: Chain mail        ||    25
       Scale mail        ||     1
Dodge: Dodged            ||    23
